 Dungeon Crawl Stone Soup version 0.30-a0-424-g7412bad402 (webtiles) character file.

Game seed: 5583097814281799134

346 PyroL the Grave Robber (level 6, -4/32 HPs)
             Began as a Deep Elf Necromancer on Dec 10, 2022.
             Killed by divine providence
             ... invoked by an orc priest
              (13 damage)
             ... on level 3 of the Dungeon.
             The game lasted 00:07:08 (2428 turns).

PyroL the Grave Robber (Deep Elf Necromancer)       Turns: 2428, Time: 00:07:08

Health: -4/32      AC:  3    Str:  5    XL:     6   Next: 32%
Magic:  1/17       EV: 12    Int: 22    God:
Gold:   114        SH:  0    Dex: 15    Spells: 10/18 levels left

rFire   . . .      SeeInvis .    h - +0 dagger
rCold   . . .      Faith    .    (no shield)
rNeg    . . .      Spirit   .    a - +0 robe
rPois   .          Reflect  .    (no helmet)
rElec   +          Harm     .    (no cloak)
rCorr   .          Rampage  .    (no gloves)
Will    .....                    g - +0 pair of boots
Stlth   ++........               q - amulet of the Air {Inacc Air Fly rElec RMsl}
HPRegen 0.25/turn                (no ring)
MPRegen 0.15/turn                (no ring)

@: flying, repel missiles
A: no striking features
a: no special abilities


You were on level 3 of the Dungeon.
You visited 1 branch of the dungeon, and saw 3 of its levels.

You collected 114 gold pieces.

Inventory:

Hand Weapons
 h - a +0 dagger (weapon)
Missiles
 i - 10 javelins
 l - 3 poisoned darts
Armour
 a - a +0 robe (worn)
 g - a +0 pair of boots (worn)
Jewellery
 q - the amulet of the Air (around neck) {Inacc Air Fly rElec RMsl}
   (You found it on level 2 of the Dungeon)

   [amulet of nothing]

   It reduces the accuracy of all your attacks.
   It enhances your air magic.
   rElec:     It insulates you from electricity.
   Fly:       It grants you flight.
   RMsl:      It protects you from missiles.
 r - an amulet of the acrobat
Wands
 s - a wand of digging (2)
Scrolls
 j - a scroll of summoning {unknown}
 m - a scroll of enchant armour
 n - a scroll of butterflies {unknown}
 p - a scroll of poison
 u - a scroll of blinking
Potions
 b - a potion of magic
 c - 2 potions of invisibility
 d - 2 potions of lignification
 e - a potion of mutation {unknown}
 f - a potion of ambrosia
 k - a potion of curing {unknown}
 t - a potion of resistance {unknown}


   Skills:
 - Level 2.4 Dodging
 - Level 2.4 Stealth
 + Level 6.7 Spellcasting
 + Level 7.3 Necromancy


You had 10 spell levels left.
You knew the following spells:

 Your Spells              Type           Power      Damage    Failure   Level
a - Necrotise             Necr           100%       1d9       1%          1
b - Vampiric Draining     Necr           39%        2d8       1%          3
c - Animate Dead          Necr           39%        N/A       4%          4

Your spell library contained the following spells:

 Spells                   Type           Power      Damage    Failure   Level
 Agony                    Necr           39%        N/A       12%         5


Dungeon Overview and Level Annotations

Branches:
Dungeon (3/15)

Altars:

Shops:
D:1 (


Message History

Things that are here:
a +0 dagger; a +0 robe
Casting: Necrotise (safe; 1% risk of failure)
Confirm with . or Enter, or press ? or * to list all spells.
Aiming: Necrotise (safe; 1% risk of failure)
Press: ? - help, Shift-Dir - straight line, f - orc priest
Aim: an orc priest, wielding a +0 whip and wearing a +0 leather armour (chance to affect: 83%)
The orc priest writhes in agony.
Casting: Necrotise (safe; 1% risk of failure)
Confirm with . or Enter, or press ? or * to list all spells.
Okay, then.
You swap places.
The orc closely misses you.
The orc priest hits your orc priest zombie with a +0 whip.
Casting: Necrotise (safe; 1% risk of failure)
Confirm with . or Enter, or press ? or * to list all spells.
Aiming: Necrotise (safe; 1% risk of failure)
Press: ? - help, Shift-Dir - straight line, f/p - orc priest
Aim: an orc priest, wielding a +0 whip and wearing a +0 leather armour (lightly wounded, ally target, chance to affect: 83%)
Okay, then.
Casting: Necrotise (safe; 1% risk of failure)
Confirm with . or Enter, or press ? or * to list all spells.
Okay, then.
You hit the orc but do no damage.
Your orc priest zombie hits the orc priest but does no damage.
The orc priest hits your orc priest zombie with a +0 whip.
The orc hits you with a +0 flail.
* * * LOW HITPOINT WARNING * * *
Unknown command.
Casting: Necrotise (safe; 1% risk of failure)
Confirm with . or Enter, or press ? or * to list all spells.
Aiming: Necrotise (safe; 1% risk of failure)
Press: ? - help, Shift-Dir - straight line, f - orc, p - orc priest
Aim: an orc, wielding a +0 flail and wearing a +0 ring mail (chance to affect: 93%)
The orc barely resists.
Your orc priest zombie closely misses the orc priest.
The orc misses you.
The orc priest calls down the wrath of Beogh upon you.
Beogh smites you!
You die...

...................#
#...##.#...........#
..####..)......>...#
.## ##...........##
## ##.....#†..##
##..#.##.##
#..#.##..#
#..#.###.###
...#.#..@)Z#
##o##Z## #.##.o##w##
#..<.......
##........$
#.........
##........ ######.##
#


You could see an orc priest (ally target), an orc, a friendly orc priest zombie
and a friendly orc skeleton.

Vanquished Creatures
  Sigmund (D:2)
  An orc priest (D:3)
  Jessica (D:2)
  An orc wizard (D:3)
  4 adders
  2 dart slugs
  2 orcs
  7 bats
  4 endoplasms
  2 giant cockroaches
  7 goblins
  5 hobgoblins (D:2)
  5 jackals
  3 kobolds (D:1)
  2 quokkas (D:2)
  5 ball pythons
  3 frilled lizards
  3 rats
58 creatures vanquished.

Vanquished Creatures (collateral kills)
  A dart slug (D:1)
  A ball python (D:2)
2 creatures vanquished.

Vanquished Creatures (others)
  7 fungi (D:3)
  3 plants (D:3)
10 creatures vanquished.

Grand Total: 70 creatures vanquished

Notes
Turn   | Place    | Note
-------+----------+-------------------------------------------
     0 | D:1      | PyroL the Deep Elf Necromancer began the quest for the Orb.
     0 | D:1      | Reached XP level 1. HP: 10/10 MP: 6/6
   113 | D:1      | Reached skill level 5 in Necromancy
   249 | D:1      | Reached XP level 2. HP: 13/15 MP: 4/8
   329 | D:1      | Found Quillout's Antique Weapon Shop.
   806 | D:1      | Reached XP level 3. HP: 19/19 MP: 5/10
   810 | D:1      | Learned a level 3 spell: Vampiric Draining
  1313 | D:2      | Found the amulet of the Air {Inacc Air Fly rElec RMsl}
  1360 | D:2      | Noticed Jessica
  1361 | D:2      | Noticed Sigmund
  1795 | D:2      | Reached XP level 4. HP: 24/24 MP: 10/12
  1950 | D:2      | Killed Jessica
  1951 | D:2      | Reached skill level 5 in Spellcasting
  1951 | D:2      | Reached skill level 6 in Necromancy
  1966 | D:2      | Learned a level 4 spell: Animate Dead
  2151 | D:2      | Killed Sigmund
  2152 | D:2      | Reached skill level 7 in Necromancy
  2152 | D:2      | Reached XP level 5. HP: 28/28 MP: 10/15
  2152 | D:2      | Reached XP level 6. HP: 32/32 MP: 11/17
  2428 | D:3      | Killed from afar by an orc priest

Illustrated notes

Levels and vault maps discovered:
D:1:      minmay_arrival_statue_studded, layout_loops_ring, serial_shops,
          nicolae_shop_statue_plus, minmay_misc_feat_alley
D:2:      minmay_chambers_of_twos, layout_basic, minmay_misc_feat_pillars,
          uniq_sigmund, uniq_jessica
D:3:      minmay_general_purpose_star, layout_rooms, doesnt_xom_only_xom,
          dreamdust_ecumenical_altar_hidden_monk_grotto, gammafunk_ghost_split,
          uniq_grinder

Skill      XL: |  1  2  3  4 |
---------------+-------------+-----
Necromancy     | 5 7 |  7.3
Spellcasting   | 4 6 |  6.7
Dodging        | |  2.4
Stealth        | |  2.4

Action                   |  1- 3 |  4- 6 || total
-------------------------+-------+-------++-------
Melee: Dagger            |     9 |     6 ||    15
 Cast: Necrotise         |    60 |    35 ||    95
       Vampiric Draining |     1 |     4 ||     5
       Animate Dead      |       |     2 ||     2
  Use: Scroll            |       |     7 ||     7
 Stab: Sleeping          |     1 |       ||     1
Armor: Robe              |     4 |     5 ||     9
Dodge: Dodged            |    15 |     8 ||    23

Table legend: (Time is in decaauts)
 A = Elapsed time spent in this place.
 B = Non-inter-level travel time spent in this place.
 C = Inter-level travel time spent in this place.
 D = Time resting spent in this place.
 E = Time spent auto-exploring this place.
 F = Levels seen in this place.
 G = Mean time per level.
                   A        B        C        D        E       F      G
               +--------+--------+--------+--------+--------+-----+--------+
         Total |   2428 |   2287 |    141 |    165 |   1670 |   3 |  809.3 |
       Dungeon |   2428 |   2287 |    141 |    165 |   1670 |   3 |  809.3 |
               +--------+--------+--------+--------+--------+-----+--------+

Top non-repeatable levels by time:
     D:1: 1224 daAuts
     D:2: 1053 daAuts
     D:3: 150 daAuts
